AoeStats
← Aragorn

Pilgrims

507805204Analyzed
2v2 RM · 13d ago on Sep 19, 2026· 61m 23s· 4 players
Game mode
Random Map
Map size
Medium (4 player)
Population
200
Speed
Normal
Resources
Standard
Victory
Conquest
Starting age
Dark Age
Ending age
Imperial Age
RankedLock teamsTeams togetherTeam positionsShared explorationLock speedFull tech treeHidden civsTurbo modeCheats
Victory
Defeat
🇫🇷 Italians · France
1161
+17
🇺🇸 Mongols · United States
1137
+18
🇩🇪 Armenians · Germany
1204
-18
🇨🇭 Aztecs · Switzerland
1169
-17
adriboubou
2:49 Loom
11:31 Feudal Age
13:08 Double-Bit Axe
16:52 Castle Age
18:43 Bow Saw
18:46 Horse Collar
21:26 Wheelbarrow
20:37 Town Watch
24:58 Heavy Plow
26:10 Hand Cart
25:50 Stone Mining
25:51 Gold Mining
30:18 Imperial Age
28:46 Town Patrol
28:45 Fletching
28:56 Padded Archer Armor
28:56 Scale Mail Armor
30:46 Bodkin Arrow
31:06 Leather Archer Armor
31:08 Chain Mail Armor
31:27 Ballistics
31:52 Conscription
31:00 Pikeman
31:41 Squires
31:27 Arson
32:51 Crop Rotation
33:24 Chemistry
32:35 Masonry
32:06 Treadmill Crane
33:05 Stone Shaft Mining
33:54 Forging
33:47 Capped Ram
34:00 Elite Genoese Crossbowman
34:52 Bracer
35:30 Ring Archer Armor
36:22 Hoardings
36:21 Architecture
37:01 Plate Mail Armor
37:07 Iron Casting
40:59 Blast Furnace
39:54 Onager
44:37 Scale Barding Armor
44:55 Bombard Tower
44:34 Murder Holes
*IAmLegend>>
8:44 Loom
10:51 Feudal Age
12:00 Double-Bit Axe
16:45 Fletching
20:55 Castle Age
19:52 Stone Mining
19:53 Gold Mining
25:56 Town Watch
27:51 Scale Barding Armor
pengel_tz
3:53 Loom
11:56 Feudal Age
13:09 Double-Bit Axe
14:14 Fishing Lines
15:03 Town Watch
18:27 Castle Age
16:57 Fletching
19:09 Gillnets
21:35 Wheelbarrow
21:36 Medium Warships
22:06 Bow Saw
21:48 Gold Mining
23:33 Hand Cart
27:40 Bodkin Arrow
29:17 Ballistics
28:53 Murder Holes
29:09 Masonry
34:15 Imperial Age
32:52 Horse Collar
34:08 Town Patrol
35:01 Bracer
35:01 Padded Archer Armor
35:17 Heavy Plow
36:29 Chemistry
37:29 Cilician Fleet
37:45 Conscription
38:49 Leather Archer Armor
38:11 Elite Skirmisher
39:18 Bombard Tower
41:37 Ring Archer Armor
44:19 Hoardings
43:50 Fereters
44:04 Capped Ram
45:30 Scale Mail Armor
45:40 Forging
47:14 Squires
47:01 Arson
47:03 Gambesons
46:41 Man-at-Arms
48:11 Long Swordsman
49:09 Chain Mail Armor
49:29 Iron Casting
48:45 Two-Handed Swordsman
49:33 Champion
55:38 Plate Mail Armor
Aragorn
12:13 Feudal Age
13:19 Loom
18:13 Castle Age
16:37 Double-Bit Axe
16:44 Gold Mining
17:18 Scale Mail Armor
18:23 Fletching
18:19 Elite Skirmisher
19:03 Padded Archer Armor
19:04 Bodkin Arrow
21:52 Wheelbarrow
22:25 Horse Collar
22:56 Bow Saw
23:23 Gold Shaft Mining
25:18 Medium Warships
24:56 Pikeman
25:36 Squires
27:57 Hand Cart
28:20 Chain Mail Armor
28:06 Padded Archer Armor
37:20 Imperial Age
34:37 Town Watch
36:31 Heavy Plow
36:22 Stone Mining
37:56 Stone Shaft Mining
38:11 Leather Archer Armor
38:04 Bracer
40:12 Ballistics
40:53 Chemistry
40:23 Conscription
41:38 Crop Rotation
41:19 Eagle Warrior
42:11 Forging
42:32 Plate Mail Armor
42:38 Elite Eagle Warrior
44:42 Iron Casting
46:09 Gambesons
45:45 Man-at-Arms
47:10 Atlatl
47:08 Long Swordsman
48:00 Crossbowman
49:01 Arbalester
Connection lost

Rejoining the realm…

Still unreachable

The connection could not be restored.

Session expired

The server has moved on; the page needs a fresh start.